 Dungeon Crawl Stone Soup version 0.28.0-43-g3370ac3207 (webtiles) character file.

Game seed: 9091271606025354242

6 ImHallYall the Insei (level 1, -2/11 HPs)
             Began as a Vampire Transmuter on Mar 11, 2022.
             Slain by a jackal (3 damage)
             ... on level 2 of the Dungeon.
             The game lasted 00:04:38 (642 turns).

ImHallYall the Insei (Vampire Transmuter)            Turns: 642, Time: 00:04:39

Health: -2/11      AC:  3    Str:  9    XL:     1   Next: 75%
Magic:  3/3        EV: 12    Int: 15    God:
Gold:   0          SH:  0    Dex: 14    Spells: 3/4 levels left

rFire   . . .      SeeInvis +   d - +0 dagger
rCold   + + .      Faith    .   (no shield)
rNeg    + + +      Spirit   .   a - +0 robe
rPois   ∞          Reflect  .   (no helmet)
rElec   .          Harm     .   b - +0 cloak
rCorr   .          Rampage  .   (no gloves)
Will    .....                   (no boots)
Stlth   +++.......              (no amulet)
HPRegen 0.00/turn               (no ring)
MPRegen 0.08/turn               (no ring)

@: bloodless, inhibited regen
A: bloodless, fangs 3, see invisible, vampiric 1
a: Revivify


You were on level 2 of the Dungeon.
You visited 1 branch of the dungeon, and saw 2 of its levels.

Inventory:

Hand Weapons
 c - a +0 hand axe
 d - a +0 dagger (weapon)
 e - a +0 short sword
Armour
 a - a +0 robe (worn)
 b - a +0 cloak (worn)


   Skills:
 + Level 0.8 Fighting
 + Level 0.1 Axes
 + Level 2.2 Dodging
 + Level 3.6 Unarmed Combat
 + Level 2.0 Spellcasting
 + Level 2.3 Transmutations


You had 3 spell levels left.
You knew the following spells:

 Your Spells              Type           Power      Damage    Failure   Level
a - Beastly Appendage     Tmut           16%        N/A       9%          1

Your spell library contained the following spells:

 Spells                   Type           Power      Damage    Failure   Level
 Wereblood                Tmut           8%         N/A       13%         2
 Freeze                   Ice            4%         1d3       22%         1
 Spider Form              Tmut/Pois      5%         N/A       38%         3
 Ignite Poison            Fire/Tmut/Pois 3%         N/A       43%         3
 Conjure Flame            Conj/Fire      1%         6-21      54%         3
 Frozen Ramparts          Ice            2%         1d2       54%         3
 Ice Form                 Ice/Tmut       5%         N/A       80%         4
 Hailstorm                Conj/Ice       1%         3d3       91%         4
 Sticky Flame             Conj/Fire      1%         2d3       91%         4


Dungeon Overview and Level Annotations

Branches:
Dungeon (1/15)

Altars:


Innate Abilities, Weirdness & Mutations

You do not regenerate when monsters are visible.
You are frail without blood (-20% HP).
You can heal yourself when you bite living creatures.
You are immune to poison.
You have razor-sharp teeth.
You have supernaturally acute eyesight. (SInv)
You are afflicted with vampirism.


Message History

The jackal barely misses you. The jackal closely misses you.
The jackal bites you. x2; The jackal closely misses you.
You hit the jackal.
The jackal is severely wounded.
The jackal closely misses you. x2; The jackal barely misses you. x2
You hit the jackal.
The jackal is almost dead.
The jackal barely misses you. The jackal misses you.
The jackal barely misses you. The jackal completely misses you.
The jackal bites you but does no damage. x2
The jackal closely misses you. x2
You hit the jackal.
The jackal is moderately wounded.
The jackal bites you but does no damage. x2
The jackal barely misses you. x2
There are monsters nearby!
There are monsters nearby!
You hit the jackal.
The jackal is severely wounded.
The jackal closely misses you. The jackal completely misses you.
The jackal barely misses you.
The jackal bites you but does no damage.
The jackal closely misses you. x3
Okay, then.
There are monsters nearby!
There are monsters nearby!
There are monsters nearby!
You closely miss the jackal. The jackal misses you.
The jackal bites you but does no damage. x2
The jackal bites you.
* * * LOW HITPOINT WARNING * * *
The jackal bites you but does no damage.
You closely miss the jackal. The jackal bites you.
* * * LOW HITPOINT WARNING * * *
The jackal bites you.
* * * LOW HITPOINT WARNING * * *
The jackal bites you but does no damage. x2
You hit the jackal but do no damage. The jackal closely misses you.
The jackal barely misses you. The jackal misses you. The jackal bites you.
You die...

......###
.........
#.......#
#........
#........
#.......#
#....(..#
#h.......
#@h.....#
#hh.....#
#.......#
#.......#
#########


You could see 4 jackals.

Vanquished Creatures
  An endoplasm (D:1)
  A goblin (D:1)
  A hobgoblin (D:1)
  2 frilled lizards (D:1)
  A kobold (D:1)
6 creatures vanquished.

Notes
Turn   | Place    | Note
-------+----------+-------------------------------------------
     0 | D:1      | ImHallYall the Vampire Transmuter began the quest for the
                  | Orb.
     0 | D:1      | Reached XP level 1. HP: 14/14 MP: 3/3
   629 | D:1      | You fall into a shaft and drop 1 floor!
   642 | D:2      | Slain by a jackal

Illustrated notes

Levels and vault maps discovered:
D:1:      giann_bridges, layout_basic, hellmonk_ecumenical_altar_blasted
D:2:      layout_rooms, uniq_jessica, uniq_sigmund

Action                   || total
-------------------------++-------
Melee: Hand axe          ||    12
       Dagger            ||    10
       Unarmed           ||     2
 Abil: Exsanguinate      ||     1
Armor: Robe              ||    21
Dodge: Dodged            ||    36
